Workbook

Sheet Home Page
C11: Knowledge and Capabilities matrix for delivery of net zero projects
C13: This matrix lists the key knowledge and capabilities recommended for local authorities delivering net zero projects.
C14: The matrix categorises these according to a high-level template and lists a description, the relevant internal teams, and the recommended level of internal knowledge or expertise according to maturity criteria scored from 1-5. The recommended maturity level is simply a guide to maximise the success and robustness of energy projects and should not discourage local authorities from embarking on a project or continuing with existing delivery.
C15: Local authorities are requested to self-assess their current level of maturity related to each knowledge area or capability (in the yellow cells), which is then translated into a risk rating for effective delivery of projects, related to the recommended maturity level.
C16: The Output tab summarises the scores for each knowledge or capability area in a graph, and details a description associated with the risk rating. Recommendations are also provided for next steps.
C17: This matrix aims to empower local authorities to assess a range of internal knowledge areas and capabilities associated with net zero and provide an output which can be used as part of a business case for investing in upskilling and training resources for relevant individuals and teams.

Sheet Knowledge & Capabilities
B2: Knowledge and Capabilities matrix
B9: Project Template (high level) | C9: Knowledge/Capability area | D9: Description | E9: Theme | F9: Relevant internal team(s) | G9: Self-assessed level of internal knowledge/capability (1-5 maturity) | H9: Recommended level of internal knowledge/capability | I9: SCORE | J9: Internal risk to effective delivery (based on response) | K9: Risk outline | L9: Recommendations
B10: General | C10: National and local energy systems | D10: National and local energy system operation, including the role of National Grid, network operators, and the current energy mix of the network. This also includes energy generation, key energy imports, and energy consumption. | E10: Policy and Regulation | F10: Senior Leadership; Energy/Sustainability teams | H10: 4 | I10: =G10-H10 -> -4 | J10: {=_xlfn.IFS(I10=-1,"MEDIUM",I10=0,"LOW",I10<=-1,"HIGH",I10>=0,"LOW")} -> HIGH | K10: =IF(AND(H10=3,J10="HIGH"),'Maturity & Recommendations'!$C$20, IF(AND(H10=4,J10="HIGH"),'Maturity & Recommendations'!$C$21, IF(AND(H10=5,J10="HIGH"),'Maturity & Recommendations'!$C$22, IF(AND(H10=3,J10="MEDIUM"), 'Maturity & Recommendations'!$C$23, IF(AND(H10=4,J10="MEDIUM"), 'Maturity & Recommendations'!$C$24, IF(AND(H10=5,J10="MEDIUM"), 'Maturity & Recommendations'!$C$25, IF(AND(H10=3,J10="LOW"), 'Maturity & Recommendations'!$C$26, IF(AND(H10=4,J10="LOW"), 'Maturity & Recommendations'!$C$27, IF(AND(H10=5,J10="LOW"),'Maturity & Recommendations'!$C$28))))))))) -> Your internal level of knowledge or expertise is below our recommended maturity criteria of 4 to ensure you can manage this in-house. Without investment in upskilling of relevant teams and individuals, a low maturity level is likely to impact the effective development and delivery of net zero projects within your local authority. Capacity constraints will need to be reviewed in addition to this. | L10: {=_xlfn.IFS(J10="LOW",'Maturity & Recommendations'!$C$31,J10="MEDIUM",'Maturity & Recommendations'!$C$32,J10="HIGH",'Maturity & Recommendations'!$C$33)} -> Review the training and upskilling resources accessible within Net Zero Go and/or contact the team for additional support and guidance. Outsource capabilities where possible to enhance the knowledge and expertise available to your project and local authority.
B11: General | C11: National and local energy policy and regulation | D11: National and local energy policies and regulation relevant to local authorities and decarbonisation, including those related to carbon emissions, renewable energy generation, and energy efficiency retrofitting. | E11: Policy and Regulation | F11: Senior Leadership; Energy/Sustainability teams; Housing team; Waste team; Transport and fleet teams; Finance team | H11: 4 | I11: =G11-H11 -> -4 | J11: {=_xlfn.IFS(I11=-1,"MEDIUM",I11=0,"LOW",I11<=-1,"HIGH",I11>=0,"LOW")} -> HIGH | K11: =IF(AND(H11=3,J11="HIGH"),'Maturity & Recommendations'!$C$20, IF(AND(H11=4,J11="HIGH"),'Maturity & Recommendations'!$C$21, IF(AND(H11=5,J11="HIGH"),'Maturity & Recommendations'!$C$22, IF(AND(H11=3,J11="MEDIUM"), 'Maturity & Recommendations'!$C$23, IF(AND(H11=4,J11="MEDIUM"), 'Maturity & Recommendations'!$C$24, IF(AND(H11=5,J11="MEDIUM"), 'Maturity & Recommendations'!$C$25, IF(AND(H11=3,J11="LOW"), 'Maturity & Recommendations'!$C$26, IF(AND(H11=4,J11="LOW"), 'Maturity & Recommendations'!$C$27, IF(AND(H11=5,J11="LOW"),'Maturity & Recommendations'!$C$28))))))))) -> Your internal level of knowledge or expertise is below our recommended maturity criteria of 4 to ensure you can manage this in-house. Without investment in upskilling of relevant teams and individuals, a low maturity level is likely to impact the effective development and delivery of net zero projects within your local authority. Capacity constraints will need to be reviewed in addition to this. | L11: {=_xlfn.IFS(J11="LOW",'Maturity & Recommendations'!$C$31,J11="MEDIUM",'Maturity & Recommendations'!$C$32,J11="HIGH",'Maturity & Recommendations'!$C$33)} -> Review the training and upskilling resources accessible within Net Zero Go and/or contact the team for additional support and guidance. Outsource capabilities where possible to enhance the knowledge and expertise available to your project and local authority.
B12: General | C12: Planning policy and local regulations | D12: Energy technologies and implications to planning, including electric vehicle charge points, battery storage, and renewables. Highways licences and other regulatory requirements in addition to planning. Additionally, planning authority powers to impose more stringent conditions than national guidelines, e.g. Part L Building Regulations. | E12: Policy and Regulation | F12: Planning department; Energy/Sustainability teams | H12: 5 | I12: =G12-H12 -> -5 | J12: {=_xlfn.IFS(I12=-1,"MEDIUM",I12=0,"LOW",I12<=-1,"HIGH",I12>=0,"LOW")} -> HIGH | K12: =IF(AND(H12=3,J12="HIGH"),'Maturity & Recommendations'!$C$20, IF(AND(H12=4,J12="HIGH"),'Maturity & Recommendations'!$C$21, IF(AND(H12=5,J12="HIGH"),'Maturity & Recommendations'!$C$22, IF(AND(H12=3,J12="MEDIUM"), 'Maturity & Recommendations'!$C$23, IF(AND(H12=4,J12="MEDIUM"), 'Maturity & Recommendations'!$C$24, IF(AND(H12=5,J12="MEDIUM"), 'Maturity & Recommendations'!$C$25, IF(AND(H12=3,J12="LOW"), 'Maturity & Recommendations'!$C$26, IF(AND(H12=4,J12="LOW"), 'Maturity & Recommendations'!$C$27, IF(AND(H12=5,J12="LOW"),'Maturity & Recommendations'!$C$28))))))))) -> Your internal level of knowledge or expertise is below our recommended maturity criteria of 5 to ensure you have industry-level knowledge in-house. Without investment in upskilling of relevant teams and individuals, a lower maturity level is likely to impact the effective development and delivery of net zero projects within your local authority. However, you may choose to outsource this capability with the maturity level to be an intelligent client. Capacity constraints will need to be reviewed in addition to this. | L12: {=_xlfn.IFS(J12="LOW",'Maturity & Recommendations'!$C$31,J12="MEDIUM",'Maturity & Recommendations'!$C$32,J12="HIGH",'Maturity & Recommendations'!$C$33)} -> Review the training and upskilling resources accessible within Net Zero Go and/or contact the team for additional support and guidance. Outsource capabilities where possible to enhance the knowledge and expertise available to your project and local authority.
B13: General | C13: Translation of policy to action and vice versa | D13: Setting policy to maximise local energy outcomes, e.g. transport, air quality/emissions. Additionally, how local plans can support the delivery of net zero and planners understanding local drivers and the role of energy projects. | E13: Organisations, Actors and Decisions | F13: Senior Leadership; Energy/Sustainability teams; Planning department; Housing team; Transport and fleet teams | H13: 4 | I13: =G13-H13 -> -4 | J13: {=_xlfn.IFS(I13=-1,"MEDIUM",I13=0,"LOW",I13<=-1,"HIGH",I13>=0,"LOW")} -> HIGH | K13: =IF(AND(H13=3,J13="HIGH"),'Maturity & Recommendations'!$C$20, IF(AND(H13=4,J13="HIGH"),'Maturity & Recommendations'!$C$21, IF(AND(H13=5,J13="HIGH"),'Maturity & Recommendations'!$C$22, IF(AND(H13=3,J13="MEDIUM"), 'Maturity & Recommendations'!$C$23, IF(AND(H13=4,J13="MEDIUM"), 'Maturity & Recommendations'!$C$24, IF(AND(H13=5,J13="MEDIUM"), 'Maturity & Recommendations'!$C$25, IF(AND(H13=3,J13="LOW"), 'Maturity & Recommendations'!$C$26, IF(AND(H13=4,J13="LOW"), 'Maturity & Recommendations'!$C$27, IF(AND(H13=5,J13="LOW"),'Maturity & Recommendations'!$C$28))))))))) -> Your internal level of knowledge or expertise is below our recommended maturity criteria of 4 to ensure you can manage this in-house. Without investment in upskilling of relevant teams and individuals, a low maturity level is likely to impact the effective development and delivery of net zero projects within your local authority. Capacity constraints will need to be reviewed in addition to this. | L13: {=_xlfn.IFS(J13="LOW",'Maturity & Recommendations'!$C$31,J13="MEDIUM",'Maturity & Recommendations'!$C$32,J13="HIGH",'Maturity & Recommendations'!$C$33)} -> Review the training and upskilling resources accessible within Net Zero Go and/or contact the team for additional support and guidance. Outsource capabilities where possible to enhance the knowledge and expertise available to your project and local authority.
B14: General | C14: Carbon accounting, monitoring and reporting | D14: National and local carbon emissions targets and local authority responsibilities for accounting, monitoring and reporting carbon emissions. This also includes the associated capabilities and tools to achieve this. | E14: Digital Information | F14: Senior Leadership; Energy/Sustainability teams | H14: 4 | I14: =G14-H14 -> -4 | J14: {=_xlfn.IFS(I14=-1,"MEDIUM",I14=0,"LOW",I14<=-1,"HIGH",I14>=0,"LOW")} -> HIGH | K14: =IF(AND(H14=3,J14="HIGH"),'Maturity & Recommendations'!$C$20, IF(AND(H14=4,J14="HIGH"),'Maturity & Recommendations'!$C$21, IF(AND(H14=5,J14="HIGH"),'Maturity & Recommendations'!$C$22, IF(AND(H14=3,J14="MEDIUM"), 'Maturity & Recommendations'!$C$23, IF(AND(H14=4,J14="MEDIUM"), 'Maturity & Recommendations'!$C$24, IF(AND(H14=5,J14="MEDIUM"), 'Maturity & Recommendations'!$C$25, IF(AND(H14=3,J14="LOW"), 'Maturity & Recommendations'!$C$26, IF(AND(H14=4,J14="LOW"), 'Maturity & Recommendations'!$C$27, IF(AND(H14=5,J14="LOW"),'Maturity & Recommendations'!$C$28))))))))) -> Your internal level of knowledge or expertise is below our recommended maturity criteria of 4 to ensure you can manage this in-house. Without investment in upskilling of relevant teams and individuals, a low maturity level is likely to impact the effective development and delivery of net zero projects within your local authority. Capacity constraints will need to be reviewed in addition to this. | L14: {=_xlfn.IFS(J14="LOW",'Maturity & Recommendations'!$C$31,J14="MEDIUM",'Maturity & Recommendations'!$C$32,J14="HIGH",'Maturity & Recommendations'!$C$33)} -> Review the training and upskilling resources accessible within Net Zero Go and/or contact the team for additional support and guidance. Outsource capabilities where possible to enhance the knowledge and expertise available to your project and local authority.
B15: General | C15: Data management and analysis | D15: Data gathering, modelling, and analysis of raw data associated with energy supply and demand, benchmarking performance, consumer needs, and finance/investment etc. This also includes the associated capabilities and tools. | E15: Digital Information | F15: Energy/Sustainability teams; Transport and Fleet teams; Housing team | H15: 3 | I15: =G15-H15 -> -3 | J15: {=_xlfn.IFS(I15=-1,"MEDIUM",I15=0,"LOW",I15<=-1,"HIGH",I15>=0,"LOW")} -> HIGH | K15: =IF(AND(H15=3,J15="HIGH"),'Maturity & Recommendations'!$C$20, IF(AND(H15=4,J15="HIGH"),'Maturity & Recommendations'!$C$21, IF(AND(H15=5,J15="HIGH"),'Maturity & Recommendations'!$C$22, IF(AND(H15=3,J15="MEDIUM"), 'Maturity & Recommendations'!$C$23, IF(AND(H15=4,J15="MEDIUM"), 'Maturity & Recommendations'!$C$24, IF(AND(H15=5,J15="MEDIUM"), 'Maturity & Recommendations'!$C$25, IF(AND(H15=3,J15="LOW"), 'Maturity & Recommendations'!$C$26, IF(AND(H15=4,J15="LOW"), 'Maturity & Recommendations'!$C$27, IF(AND(H15=5,J15="LOW"),'Maturity & Recommendations'!$C$28))))))))) -> Your internal level of knowledge or expertise is below our recommended maturity criteria of 3 to ensure you can be an intelligent client if outsourcing this capability. Without investment in upskilling of relevant teams and individuals, a low maturity level is likely to impact the effective procurement and management of outsourced support, and could ultimately impact the development and delivery of net zero projects within your local authority. Capacity constraints will need to be reviewed in addition to this. | L15: {=_xlfn.IFS(J15="LOW",'Maturity & Recommendations'!$C$31,J15="MEDIUM",'Maturity & Recommendations'!$C$32,J15="HIGH",'Maturity & Recommendations'!$C$33)} -> Review the training and upskilling resources accessible within Net Zero Go and/or contact the team for additional support and guidance. Outsource capabilities where possible to enhance the knowledge and expertise available to your project and local authority.
B16: General | C16: Electricity and heat metering | D16: Legacy and modern metering arrangements, requirements related to different energy projects, upgrades, and installation. | E16: Operation and Control | F16: Energy/Sustainability teams; Housing team | H16: 3 | I16: =G16-H16 -> -3 | J16: {=_xlfn.IFS(I16=-1,"MEDIUM",I16=0,"LOW",I16<=-1,"HIGH",I16>=0,"LOW")} -> HIGH | K16: =IF(AND(H16=3,J16="HIGH"),'Maturity & Recommendations'!$C$20, IF(AND(H16=4,J16="HIGH"),'Maturity & Recommendations'!$C$21, IF(AND(H16=5,J16="HIGH"),'Maturity & Recommendations'!$C$22, IF(AND(H16=3,J16="MEDIUM"), 'Maturity & Recommendations'!$C$23, IF(AND(H16=4,J16="MEDIUM"), 'Maturity & Recommendations'!$C$24, IF(AND(H16=5,J16="MEDIUM"), 'Maturity & Recommendations'!$C$25, IF(AND(H16=3,J16="LOW"), 'Maturity & Recommendations'!$C$26, IF(AND(H16=4,J16="LOW"), 'Maturity & Recommendations'!$C$27, IF(AND(H16=5,J16="LOW"),'Maturity & Recommendations'!$C$28))))))))) -> Your internal level of knowledge or expertise is below our recommended maturity criteria of 3 to ensure you can be an intelligent client if outsourcing this capability. Without investment in upskilling of relevant teams and individuals, a low maturity level is likely to impact the effective procurement and management of outsourced support, and could ultimately impact the development and delivery of net zero projects within your local authority. Capacity constraints will need to be reviewed in addition to this. | L16: {=_xlfn.IFS(J16="LOW",'Maturity & Recommendations'!$C$31,J16="MEDIUM",'Maturity & Recommendations'!$C$32,J16="HIGH",'Maturity & Recommendations'!$C$33)} -> Review the training and upskilling resources accessible within Net Zero Go and/or contact the team for additional support and guidance. Outsource capabilities where possible to enhance the knowledge and expertise available to your project and local authority.
B17: General | C17: Technology integration across systems | D17: The technical, physical, organisational and legal barriers to high deployment of renewable energy generation in energy systems. This also includes the requirements to overcome these barriers and the benefits of full integration (e.g. smart local energy systems). | E17: Technology and Vectors | F17: Energy/Sustainability teams; Procurement and Legal teams | H17: 4 | I17: =G17-H17 -> -4 | J17: {=_xlfn.IFS(I17=-1,"MEDIUM",I17=0,"LOW",I17<=-1,"HIGH",I17>=0,"LOW")} -> HIGH | K17: =IF(AND(H17=3,J17="HIGH"),'Maturity & Recommendations'!$C$20, IF(AND(H17=4,J17="HIGH"),'Maturity & Recommendations'!$C$21, IF(AND(H17=5,J17="HIGH"),'Maturity & Recommendations'!$C$22, IF(AND(H17=3,J17="MEDIUM"), 'Maturity & Recommendations'!$C$23, IF(AND(H17=4,J17="MEDIUM"), 'Maturity & Recommendations'!$C$24, IF(AND(H17=5,J17="MEDIUM"), 'Maturity & Recommendations'!$C$25, IF(AND(H17=3,J17="LOW"), 'Maturity & Recommendations'!$C$26, IF(AND(H17=4,J17="LOW"), 'Maturity & Recommendations'!$C$27, IF(AND(H17=5,J17="LOW"),'Maturity & Recommendations'!$C$28))))))))) -> Your internal level of knowledge or expertise is below our recommended maturity criteria of 4 to ensure you can manage this in-house. Without investment in upskilling of relevant teams and individuals, a low maturity level is likely to impact the effective development and delivery of net zero projects within your local authority. Capacity constraints will need to be reviewed in addition to this. | L17: {=_xlfn.IFS(J17="LOW",'Maturity & Recommendations'!$C$31,J17="MEDIUM",'Maturity & Recommendations'!$C$32,J17="HIGH",'Maturity & Recommendations'!$C$33)} -> Review the training and upskilling resources accessible within Net Zero Go and/or contact the team for additional support and guidance. Outsource capabilities where possible to enhance the knowledge and expertise available to your project and local authority.
B18: General | C18: Asset optimisation | D18: Management of renewable energy assets that allows you to reduce energy consumption during times of grid stress or shift it to reduce costs, using automated processes to take advantage of previously unavailable revenue streams. | E18: Infrastructure and Assets | F18: Energy/Sustainability teams | H18: 3 | I18: =G18-H18 -> -3 | J18: {=_xlfn.IFS(I18=-1,"MEDIUM",I18=0,"LOW",I18<=-1,"HIGH",I18>=0,"LOW")} -> HIGH | K18: =IF(AND(H18=3,J18="HIGH"),'Maturity & Recommendations'!$C$20, IF(AND(H18=4,J18="HIGH"),'Maturity & Recommendations'!$C$21, IF(AND(H18=5,J18="HIGH"),'Maturity & Recommendations'!$C$22, IF(AND(H18=3,J18="MEDIUM"), 'Maturity & Recommendations'!$C$23, IF(AND(H18=4,J18="MEDIUM"), 'Maturity & Recommendations'!$C$24, IF(AND(H18=5,J18="MEDIUM"), 'Maturity & Recommendations'!$C$25, IF(AND(H18=3,J18="LOW"), 'Maturity & Recommendations'!$C$26, IF(AND(H18=4,J18="LOW"), 'Maturity & Recommendations'!$C$27, IF(AND(H18=5,J18="LOW"),'Maturity & Recommendations'!$C$28))))))))) -> Your internal level of knowledge or expertise is below our recommended maturity criteria of 3 to ensure you can be an intelligent client if outsourcing this capability. Without investment in upskilling of relevant teams and individuals, a low maturity level is likely to impact the effective procurement and management of outsourced support, and could ultimately impact the development and delivery of net zero projects within your local authority. Capacity constraints will need to be reviewed in addition to this. | L18: {=_xlfn.IFS(J18="LOW",'Maturity & Recommendations'!$C$31,J18="MEDIUM",'Maturity & Recommendations'!$C$32,J18="HIGH",'Maturity & Recommendations'!$C$33)} -> Review the training and upskilling resources accessible within Net Zero Go and/or contact the team for additional support and guidance. Outsource capabilities where possible to enhance the knowledge and expertise available to your project and local authority.
B19: General | C19: Grid connections, energy load and capacity | D19: National and local energy loads, existing grid capacity and requirements for upgrading that could present opportunities and barriers for energy projects. This also includes initiating and completing a grid connection. | E19: Infrastructure and Assets | F19: Energy/Sustainability teams | H19: 3 | I19: =G19-H19 -> -3 | J19: {=_xlfn.IFS(I19=-1,"MEDIUM",I19=0,"LOW",I19<=-1,"HIGH",I19>=0,"LOW")} -> HIGH | K19: =IF(AND(H19=3,J19="HIGH"),'Maturity & Recommendations'!$C$20, IF(AND(H19=4,J19="HIGH"),'Maturity & Recommendations'!$C$21, IF(AND(H19=5,J19="HIGH"),'Maturity & Recommendations'!$C$22, IF(AND(H19=3,J19="MEDIUM"), 'Maturity & Recommendations'!$C$23, IF(AND(H19=4,J19="MEDIUM"), 'Maturity & Recommendations'!$C$24, IF(AND(H19=5,J19="MEDIUM"), 'Maturity & Recommendations'!$C$25, IF(AND(H19=3,J19="LOW"), 'Maturity & Recommendations'!$C$26, IF(AND(H19=4,J19="LOW"), 'Maturity & Recommendations'!$C$27, IF(AND(H19=5,J19="LOW"),'Maturity & Recommendations'!$C$28))))))))) -> Your internal level of knowledge or expertise is below our recommended maturity criteria of 3 to ensure you can be an intelligent client if outsourcing this capability. Without investment in upskilling of relevant teams and individuals, a low maturity level is likely to impact the effective procurement and management of outsourced support, and could ultimately impact the development and delivery of net zero projects within your local authority. Capacity constraints will need to be reviewed in addition to this. | L19: {=_xlfn.IFS(J19="LOW",'Maturity & Recommendations'!$C$31,J19="MEDIUM",'Maturity & Recommendations'!$C$32,J19="HIGH",'Maturity & Recommendations'!$C$33)} -> Review the training and upskilling resources accessible within Net Zero Go and/or contact the team for additional support and guidance. Outsource capabilities where possible to enhance the knowledge and expertise available to your project and local authority.
B20: General | C20: Procurement best practice for delivery of net zero | D20: Procurement tools, processes, and frameworks available to local authorities for supporting the delivery of net zero. This also includes tender writing and evaluation, how to be an intelligent client when outsourcing, and incorporating social value criteria where possible. | E20: Commercial and Business | F20: Energy/Sustainability teams; Procurement and Legal teams | H20: 4 | I20: =G20-H20 -> -4 | J20: {=_xlfn.IFS(I20=-1,"MEDIUM",I20=0,"LOW",I20<=-1,"HIGH",I20>=0,"LOW")} -> HIGH | K20: =IF(AND(H20=3,J20="HIGH"),'Maturity & Recommendations'!$C$20, IF(AND(H20=4,J20="HIGH"),'Maturity & Recommendations'!$C$21, IF(AND(H20=5,J20="HIGH"),'Maturity & Recommendations'!$C$22, IF(AND(H20=3,J20="MEDIUM"), 'Maturity & Recommendations'!$C$23, IF(AND(H20=4,J20="MEDIUM"), 'Maturity & Recommendations'!$C$24, IF(AND(H20=5,J20="MEDIUM"), 'Maturity & Recommendations'!$C$25, IF(AND(H20=3,J20="LOW"), 'Maturity & Recommendations'!$C$26, IF(AND(H20=4,J20="LOW"), 'Maturity & Recommendations'!$C$27, IF(AND(H20=5,J20="LOW"),'Maturity & Recommendations'!$C$28))))))))) -> Your internal level of knowledge or expertise is below our recommended maturity criteria of 4 to ensure you can manage this in-house. Without investment in upskilling of relevant teams and individuals, a low maturity level is likely to impact the effective development and delivery of net zero projects within your local authority. Capacity constraints will need to be reviewed in addition to this. | L20: {=_xlfn.IFS(J20="LOW",'Maturity & Recommendations'!$C$31,J20="MEDIUM",'Maturity & Recommendations'!$C$32,J20="HIGH",'Maturity & Recommendations'!$C$33)} -> Review the training and upskilling resources accessible within Net Zero Go and/or contact the team for additional support and guidance. Outsource capabilities where possible to enhance the knowledge and expertise available to your project and local authority.
B21: General | C21: Procuring and managing internal resource | D21: Appropriately forecasting, securing, and managing additional resource from relevant internal support teams within the local authority, including Legal, Finance, and Planning. | E21: Organisations, Actors and Decisions | F21: Energy/Sustainability teams | H21: 5 | I21: =G21-H21 -> -5 | J21: {=_xlfn.IFS(I21=-1,"MEDIUM",I21=0,"LOW",I21<=-1,"HIGH",I21>=0,"LOW")} -> HIGH | K21: =IF(AND(H21=3,J21="HIGH"),'Maturity & Recommendations'!$C$20, IF(AND(H21=4,J21="HIGH"),'Maturity & Recommendations'!$C$21, IF(AND(H21=5,J21="HIGH"),'Maturity & Recommendations'!$C$22, IF(AND(H21=3,J21="MEDIUM"), 'Maturity & Recommendations'!$C$23, IF(AND(H21=4,J21="MEDIUM"), 'Maturity & Recommendations'!$C$24, IF(AND(H21=5,J21="MEDIUM"), 'Maturity & Recommendations'!$C$25, IF(AND(H21=3,J21="LOW"), 'Maturity & Recommendations'!$C$26, IF(AND(H21=4,J21="LOW"), 'Maturity & Recommendations'!$C$27, IF(AND(H21=5,J21="LOW"),'Maturity & Recommendations'!$C$28))))))))) -> Your internal level of knowledge or expertise is below our recommended maturity criteria of 5 to ensure you have industry-level knowledge in-house. Without investment in upskilling of relevant teams and individuals, a lower maturity level is likely to impact the effective development and delivery of net zero projects within your local authority. However, you may choose to outsource this capability with the maturity level to be an intelligent client. Capacity constraints will need to be reviewed in addition to this. | L21: {=_xlfn.IFS(J21="LOW",'Maturity & Recommendations'!$C$31,J21="MEDIUM",'Maturity & Recommendations'!$C$32,J21="HIGH",'Maturity & Recommendations'!$C$33)} -> Review the training and upskilling resources accessible within Net Zero Go and/or contact the team for additional support and guidance. Outsource capabilities where possible to enhance the knowledge and expertise available to your project and local authority.
... B42: Generation & infrastructure | C42: Land agreements | D42: Legal, economic, and physical considerations of securing Land Use Agreements and other lease arrangements. | E42: Commercial and Business | F42: Energy/Sustainability teams; Procurement and Legal teams | H42: 4 | I42: =G42-H42 -> -4 | J42: {=_xlfn.IFS(I42=-1,"MEDIUM",I42=0,"LOW",I42<=-1,"HIGH",I42>=0,"LOW")} -> HIGH | K42: =IF(AND(H42=3,J42="HIGH"),'Maturity & Recommendations'!$C$20, IF(AND(H42=4,J42="HIGH"),'Maturity & Recommendations'!$C$21, IF(AND(H42=5,J42="HIGH"),'Maturity & Recommendations'!$C$22, IF(AND(H42=3,J42="MEDIUM"), 'Maturity & Recommendations'!$C$23, IF(AND(H42=4,J42="MEDIUM"), 'Maturity & Recommendations'!$C$24, IF(AND(H42=5,J42="MEDIUM"), 'Maturity & Recommendations'!$C$25, IF(AND(H42=3,J42="LOW"), 'Maturity & Recommendations'!$C$26, IF(AND(H42=4,J42="LOW"), 'Maturity & Recommendations'!$C$27, IF(AND(H42=5,J42="LOW"),'Maturity & Recommendations'!$C$28))))))))) -> Your internal level of knowledge or expertise is below our recommended maturity criteria of 4 to ensure you can manage this in-house. Without investment in upskilling of relevant teams and individuals, a low maturity level is likely to impact the effective development and delivery of net zero projects within your local authority. Capacity constraints will need to be reviewed in addition to this. | L42: {=_xlfn.IFS(J42="LOW",'Maturity & Recommendations'!$C$31,J42="MEDIUM",'Maturity & Recommendations'!$C$32,J42="HIGH",'Maturity & Recommendations'!$C$33)} -> Review the training and upskilling resources accessible within Net Zero Go and/or contact the team for additional support and guidance. Outsource capabilities where possible to enhance the knowledge and expertise available to your project and local authority.

Sheet Output
B2: Output from matrix
B36: Knowledge/Capability area | C36: Internal risk to effective delivery (based on response) | D36: Risk outline | E36: Recommendations
B37: ='Knowledge & Capabilities'!C10 -> National and local energy systems | C37: ='Knowledge & Capabilities'!J10 -> HIGH | D37: ='Knowledge & Capabilities'!K10 -> Your internal level of knowledge or expertise is below our recommended maturity criteria of 4 to ensure you can manage this in-house. Without investment in upskilling of relevant teams and individuals, a low maturity level is likely to impact the effective development and delivery of net zero projects within your local authority. Capacity constraints will need to be reviewed in addition to this. | E37: ='Knowledge & Capabilities'!L10 -> Review the training and upskilling resources accessible within Net Zero Go and/or contact the team for additional support and guidance. Outsource capabilities where possible to enhance the knowledge and expertise available to your project and local authority.
B38: ='Knowledge & Capabilities'!C11 -> National and local energy policy and regulation | C38: ='Knowledge & Capabilities'!J11 -> HIGH | D38: ='Knowledge & Capabilities'!K11 -> Your internal level of knowledge or expertise is below our recommended maturity criteria of 4 to ensure you can manage this in-house. Without investment in upskilling of relevant teams and individuals, a low maturity level is likely to impact the effective development and delivery of net zero projects within your local authority. Capacity constraints will need to be reviewed in addition to this. | E38: ='Knowledge & Capabilities'!L11 -> Review the training and upskilling resources accessible within Net Zero Go and/or contact the team for additional support and guidance. Outsource capabilities where possible to enhance the knowledge and expertise available to your project and local authority.
B39: ='Knowledge & Capabilities'!C12 -> Planning policy and local regulations | C39: ='Knowledge & Capabilities'!J12 -> HIGH | D39: ='Knowledge & Capabilities'!K12 -> Your internal level of knowledge or expertise is below our recommended maturity criteria of 5 to ensure you have industry-level knowledge in-house. Without investment in upskilling of relevant teams and individuals, a lower maturity level is likely to impact the effective development and delivery of net zero projects within your local authority. However, you may choose to outsource this capability with the maturity level to be an intelligent client. Capacity constraints will need to be reviewed in addition to this. | E39: ='Knowledge & Capabilities'!L12 -> Review the training and upskilling resources accessible within Net Zero Go and/or contact the team for additional support and guidance. Outsource capabilities where possible to enhance the knowledge and expertise available to your project and local authority.
B40: ='Knowledge & Capabilities'!C13 -> Translation of policy to action and vice versa | C40: ='Knowledge & Capabilities'!J13 -> HIGH | D40: ='Knowledge & Capabilities'!K13 -> Your internal level of knowledge or expertise is below our recommended maturity criteria of 4 to ensure you can manage this in-house. Without investment in upskilling of relevant teams and individuals, a low maturity level is likely to impact the effective development and delivery of net zero projects within your local authority. Capacity constraints will need to be reviewed in addition to this. | E40: ='Knowledge & Capabilities'!L13 -> Review the training and upskilling resources accessible within Net Zero Go and/or contact the team for additional support and guidance. Outsource capabilities where possible to enhance the knowledge and expertise available to your project and local authority.
B41: ='Knowledge & Capabilities'!C14 -> Carbon accounting, monitoring and reporting | C41: ='Knowledge & Capabilities'!J14 -> HIGH | D41: ='Knowledge & Capabilities'!K14 -> Your internal level of knowledge or expertise is below our recommended maturity criteria of 4 to ensure you can manage this in-house. Without investment in upskilling of relevant teams and individuals, a low maturity level is likely to impact the effective development and delivery of net zero projects within your local authority. Capacity constraints will need to be reviewed in addition to this. | E41: ='Knowledge & Capabilities'!L14 -> Review the training and upskilling resources accessible within Net Zero Go and/or contact the team for additional support and guidance. Outsource capabilities where possible to enhance the knowledge and expertise available to your project and local authority.
B42: ='Knowledge & Capabilities'!C15 -> Data management and analysis | C42: ='Knowledge & Capabilities'!J15 -> HIGH | D42: ='Knowledge & Capabilities'!K15 -> Your internal level of knowledge or expertise is below our recommended maturity criteria of 3 to ensure you can be an intelligent client if outsourcing this capability. Without investment in upskilling of relevant teams and individuals, a low maturity level is likely to impact the effective procurement and management of outsourced support, and could ultimately impact the development and delivery of net zero projects within your local authority. Capacity constraints will need to be reviewed in addition to this. | E42: ='Knowledge & Capabilities'!L15 -> Review the training and upskilling resources accessible within Net Zero Go and/or contact the team for additional support and guidance. Outsource capabilities where possible to enhance the knowledge and expertise available to your project and local authority.
B43: ='Knowledge & Capabilities'!C16 -> Electricity and heat metering | C43: ='Knowledge & Capabilities'!J16 -> HIGH | D43: ='Knowledge & Capabilities'!K16 -> Your internal level of knowledge or expertise is below our recommended maturity criteria of 3 to ensure you can be an intelligent client if outsourcing this capability. Without investment in upskilling of relevant teams and individuals, a low maturity level is likely to impact the effective procurement and management of outsourced support, and could ultimately impact the development and delivery of net zero projects within your local authority. Capacity constraints will need to be reviewed in addition to this. | E43: ='Knowledge & Capabilities'!L16 -> Review the training and upskilling resources accessible within Net Zero Go and/or contact the team for additional support and guidance. Outsource capabilities where possible to enhance the knowledge and expertise available to your project and local authority.
B44: ='Knowledge & Capabilities'!C17 -> Technology integration across systems | C44: ='Knowledge & Capabilities'!J17 -> HIGH | D44: ='Knowledge & Capabilities'!K17 -> Your internal level of knowledge or expertise is below our recommended maturity criteria of 4 to ensure you can manage this in-house. Without investment in upskilling of relevant teams and individuals, a low maturity level is likely to impact the effective development and delivery of net zero projects within your local authority. Capacity constraints will need to be reviewed in addition to this. | E44: ='Knowledge & Capabilities'!L17 -> Review the training and upskilling resources accessible within Net Zero Go and/or contact the team for additional support and guidance. Outsource capabilities where possible to enhance the knowledge and expertise available to your project and local authority.
B45: ='Knowledge & Capabilities'!C18 -> Asset optimisation | C45: ='Knowledge & Capabilities'!J18 -> HIGH | D45: ='Knowledge & Capabilities'!K18 -> Your internal level of knowledge or expertise is below our recommended maturity criteria of 3 to ensure you can be an intelligent client if outsourcing this capability. Without investment in upskilling of relevant teams and individuals, a low maturity level is likely to impact the effective procurement and management of outsourced support, and could ultimately impact the development and delivery of net zero projects within your local authority. Capacity constraints will need to be reviewed in addition to this. | E45: ='Knowledge & Capabilities'!L18 -> Review the training and upskilling resources accessible within Net Zero Go and/or contact the team for additional support and guidance. Outsource capabilities where possible to enhance the knowledge and expertise available to your project and local authority.
B46: ='Knowledge & Capabilities'!C19 -> Grid connections, energy load and capacity | C46: ='Knowledge & Capabilities'!J19 -> HIGH | D46: ='Knowledge & Capabilities'!K19 -> Your internal level of knowledge or expertise is below our recommended maturity criteria of 3 to ensure you can be an intelligent client if outsourcing this capability. Without investment in upskilling of relevant teams and individuals, a low maturity level is likely to impact the effective procurement and management of outsourced support, and could ultimately impact the development and delivery of net zero projects within your local authority. Capacity constraints will need to be reviewed in addition to this. | E46: ='Knowledge & Capabilities'!L19 -> Review the training and upskilling resources accessible within Net Zero Go and/or contact the team for additional support and guidance. Outsource capabilities where possible to enhance the knowledge and expertise available to your project and local authority.
B47: ='Knowledge & Capabilities'!C20 -> Procurement best practice for delivery of net zero | C47: ='Knowledge & Capabilities'!J20 -> HIGH | D47: ='Knowledge & Capabilities'!K20 -> Your internal level of knowledge or expertise is below our recommended maturity criteria of 4 to ensure you can manage this in-house. Without investment in upskilling of relevant teams and individuals, a low maturity level is likely to impact the effective development and delivery of net zero projects within your local authority. Capacity constraints will need to be reviewed in addition to this. | E47: ='Knowledge & Capabilities'!L20 -> Review the training and upskilling resources accessible within Net Zero Go and/or contact the team for additional support and guidance. Outsource capabilities where possible to enhance the knowledge and expertise available to your project and local authority.
B48: ='Knowledge & Capabilities'!C21 -> Procuring and managing internal resource | C48: ='Knowledge & Capabilities'!J21 -> HIGH | D48: ='Knowledge & Capabilities'!K21 -> Your internal level of knowledge or expertise is below our recommended maturity criteria of 5 to ensure you have industry-level knowledge in-house. Without investment in upskilling of relevant teams and individuals, a lower maturity level is likely to impact the effective development and delivery of net zero projects within your local authority. However, you may choose to outsource this capability with the maturity level to be an intelligent client. Capacity constraints will need to be reviewed in addition to this. | E48: ='Knowledge & Capabilities'!L21 -> Review the training and upskilling resources accessible within Net Zero Go and/or contact the team for additional support and guidance. Outsource capabilities where possible to enhance the knowledge and expertise available to your project and local authority.
... B69: ='Knowledge & Capabilities'!C42 -> Land agreements | C69: ='Knowledge & Capabilities'!J42 -> HIGH | D69: ='Knowledge & Capabilities'!K42 -> Your internal level of knowledge or expertise is below our recommended maturity criteria of 4 to ensure you can manage this in-house. Without investment in upskilling of relevant teams and individuals, a low maturity level is likely to impact the effective development and delivery of net zero projects within your local authority. Capacity constraints will need to be reviewed in addition to this. | E69: ='Knowledge & Capabilities'!L42 -> Review the training and upskilling resources accessible within Net Zero Go and/or contact the team for additional support and guidance. Outsource capabilities where possible to enhance the knowledge and expertise available to your project and local authority.

Sheet risk_plot_calc
A2: Boundary Values | B2: <=
A3: High | B3: -2
A4: Medium | B4: -1
A5: Low | B5: 5
A8: Knowledge/Capability Area | B8: High Risk | C8: Medium Risk | D8: Low Risk
A9: ='Knowledge & Capabilities'!$C10 -> National and local energy systems | B9: =IF('Knowledge & Capabilities'!$I10<=$B$3, 'Knowledge & Capabilities'!$I10, NA()) -> -4 | C9: =IF(AND('Knowledge & Capabilities'!$I10<=$B$4, 'Knowledge & Capabilities'!$I10>$B$3), 'Knowledge & Capabilities'!$I10, NA()) -> #N/A | D9: =IF(AND('Knowledge & Capabilities'!$I10<=$B$5, 'Knowledge & Capabilities'!$I10>$B$4), 'Knowledge & Capabilities'!$I10, NA()) -> #N/A
A10: ='Knowledge & Capabilities'!$C11 -> National and local energy policy and regulation | B10: =IF('Knowledge & Capabilities'!$I11<=$B$3, 'Knowledge & Capabilities'!$I11, NA()) -> -4 | C10: =IF(AND('Knowledge & Capabilities'!$I11<=$B$4, 'Knowledge & Capabilities'!$I11>$B$3), 'Knowledge & Capabilities'!$I11, NA()) -> #N/A | D10: =IF(AND('Knowledge & Capabilities'!$I11<=$B$5, 'Knowledge & Capabilities'!$I11>$B$4), 'Knowledge & Capabilities'!$I11, NA()) -> #N/A
A11: ='Knowledge & Capabilities'!$C12 -> Planning policy and local regulations | B11: =IF('Knowledge & Capabilities'!$I12<=$B$3, 'Knowledge & Capabilities'!$I12, NA()) -> -5 | C11: =IF(AND('Knowledge & Capabilities'!$I12<=$B$4, 'Knowledge & Capabilities'!$I12>$B$3), 'Knowledge & Capabilities'!$I12, NA()) -> #N/A | D11: =IF(AND('Knowledge & Capabilities'!$I12<=$B$5, 'Knowledge & Capabilities'!$I12>$B$4), 'Knowledge & Capabilities'!$I12, NA()) -> #N/A
A12: ='Knowledge & Capabilities'!$C13 -> Translation of policy to action and vice versa | B12: =IF('Knowledge & Capabilities'!$I13<=$B$3, 'Knowledge & Capabilities'!$I13, NA()) -> -4 | C12: =IF(AND('Knowledge & Capabilities'!$I13<=$B$4, 'Knowledge & Capabilities'!$I13>$B$3), 'Knowledge & Capabilities'!$I13, NA()) -> #N/A | D12: =IF(AND('Knowledge & Capabilities'!$I13<=$B$5, 'Knowledge & Capabilities'!$I13>$B$4), 'Knowledge & Capabilities'!$I13, NA()) -> #N/A
A13: ='Knowledge & Capabilities'!$C14 -> Carbon accounting, monitoring and reporting | B13: =IF('Knowledge & Capabilities'!$I14<=$B$3, 'Knowledge & Capabilities'!$I14, NA()) -> -4 | C13: =IF(AND('Knowledge & Capabilities'!$I14<=$B$4, 'Knowledge & Capabilities'!$I14>$B$3), 'Knowledge & Capabilities'!$I14, NA()) -> #N/A | D13: =IF(AND('Knowledge & Capabilities'!$I14<=$B$5, 'Knowledge & Capabilities'!$I14>$B$4), 'Knowledge & Capabilities'!$I14, NA()) -> #N/A
A14: ='Knowledge & Capabilities'!$C15 -> Data management and analysis | B14: =IF('Knowledge & Capabilities'!$I15<=$B$3, 'Knowledge & Capabilities'!$I15, NA()) -> -3 | C14: =IF(AND('Knowledge & Capabilities'!$I15<=$B$4, 'Knowledge & Capabilities'!$I15>$B$3), 'Knowledge & Capabilities'!$I15, NA()) -> #N/A | D14: =IF(AND('Knowledge & Capabilities'!$I15<=$B$5, 'Knowledge & Capabilities'!$I15>$B$4), 'Knowledge & Capabilities'!$I15, NA()) -> #N/A
A15: ='Knowledge & Capabilities'!$C16 -> Electricity and heat metering | B15: =IF('Knowledge & Capabilities'!$I16<=$B$3, 'Knowledge & Capabilities'!$I16, NA()) -> -3 | C15: =IF(AND('Knowledge & Capabilities'!$I16<=$B$4, 'Knowledge & Capabilities'!$I16>$B$3), 'Knowledge & Capabilities'!$I16, NA()) -> #N/A | D15: =IF(AND('Knowledge & Capabilities'!$I16<=$B$5, 'Knowledge & Capabilities'!$I16>$B$4), 'Knowledge & Capabilities'!$I16, NA()) -> #N/A
A16: ='Knowledge & Capabilities'!$C17 -> Technology integration across systems | B16: =IF('Knowledge & Capabilities'!$I17<=$B$3, 'Knowledge & Capabilities'!$I17, NA()) -> -4 | C16: =IF(AND('Knowledge & Capabilities'!$I17<=$B$4, 'Knowledge & Capabilities'!$I17>$B$3), 'Knowledge & Capabilities'!$I17, NA()) -> #N/A | D16: =IF(AND('Knowledge & Capabilities'!$I17<=$B$5, 'Knowledge & Capabilities'!$I17>$B$4), 'Knowledge & Capabilities'!$I17, NA()) -> #N/A
A17: ='Knowledge & Capabilities'!$C18 -> Asset optimisation | B17: =IF('Knowledge & Capabilities'!$I18<=$B$3, 'Knowledge & Capabilities'!$I18, NA()) -> -3 | C17: =IF(AND('Knowledge & Capabilities'!$I18<=$B$4, 'Knowledge & Capabilities'!$I18>$B$3), 'Knowledge & Capabilities'!$I18, NA()) -> #N/A | D17: =IF(AND('Knowledge & Capabilities'!$I18<=$B$5, 'Knowledge & Capabilities'!$I18>$B$4), 'Knowledge & Capabilities'!$I18, NA()) -> #N/A
A18: ='Knowledge & Capabilities'!$C19 -> Grid connections, energy load and capacity | B18: =IF('Knowledge & Capabilities'!$I19<=$B$3, 'Knowledge & Capabilities'!$I19, NA()) -> -3 | C18: =IF(AND('Knowledge & Capabilities'!$I19<=$B$4, 'Knowledge & Capabilities'!$I19>$B$3), 'Knowledge & Capabilities'!$I19, NA()) -> #N/A | D18: =IF(AND('Knowledge & Capabilities'!$I19<=$B$5, 'Knowledge & Capabilities'!$I19>$B$4), 'Knowledge & Capabilities'!$I19, NA()) -> #N/A
A19: ='Knowledge & Capabilities'!$C20 -> Procurement best practice for delivery of net zero | B19: =IF('Knowledge & Capabilities'!$I20<=$B$3, 'Knowledge & Capabilities'!$I20, NA()) -> -4 | C19: =IF(AND('Knowledge & Capabilities'!$I20<=$B$4, 'Knowledge & Capabilities'!$I20>$B$3), 'Knowledge & Capabilities'!$I20, NA()) -> #N/A | D19: =IF(AND('Knowledge & Capabilities'!$I20<=$B$5, 'Knowledge & Capabilities'!$I20>$B$4), 'Knowledge & Capabilities'!$I20, NA()) -> #N/A
A20: ='Knowledge & Capabilities'!$C21 -> Procuring and managing internal resource | B20: =IF('Knowledge & Capabilities'!$I21<=$B$3, 'Knowledge & Capabilities'!$I21, NA()) -> -5 | C20: =IF(AND('Knowledge & Capabilities'!$I21<=$B$4, 'Knowledge & Capabilities'!$I21>$B$3), 'Knowledge & Capabilities'!$I21, NA()) -> #N/A | D20: =IF(AND('Knowledge & Capabilities'!$I21<=$B$5, 'Knowledge & Capabilities'!$I21>$B$4), 'Knowledge & Capabilities'!$I21, NA()) -> #N/A
... A41: ='Knowledge & Capabilities'!$C42 -> Land agreements | B41: =IF('Knowledge & Capabilities'!$I42<=$B$3, 'Knowledge & Capabilities'!$I42, NA()) -> -4 | C41: =IF(AND('Knowledge & Capabilities'!$I42<=$B$4, 'Knowledge & Capabilities'!$I42>$B$3), 'Knowledge & Capabilities'!$I42, NA()) -> #N/A | D41: =IF(AND('Knowledge & Capabilities'!$I42<=$B$5, 'Knowledge & Capabilities'!$I42>$B$4), 'Knowledge & Capabilities'!$I42, NA()) -> #N/A

Sheet Maturity & Recommendations
B2: RIBA Stages
B3: Stage 0: Strategic Definition
B4: Stage 1: Preparation and Briefing
B5: Stage 2: Concept Design
B6: Stage 3: Spatial Coordination and Localisation
B7: Stage 4: Technical Design
B8: Stage 5: Construction, Integration and Installation
B9: Stage 6: Handover
B10: Stage 7: Use (and Operation)
B12: Maturity criteria
B13: 1 - Aware of knowledge area but no expertise (would need to completely outsource)
B14: 2 - Low level of knowledge or expertise in relevant teams (
... B17: 5 - Industry-level knowledge or expertise (capability to action internally with commercial confidence)
B19: Condition | C19: Risk Outline
B20: 3, HIGH | C20: Your internal level of knowledge or expertise is below our recommended maturity criteria of 3 to ensure you can be an intelligent client if outsourcing this capability. Without investment in upskilling of relevant teams and individuals, a low maturity level is likely to impact the effective procurement and management of outsourced support, and could ultimately impact the development and delivery of net zero projects within your local authority. Capacity constraints will need to be reviewed in addition to this.
B21: 4, HIGH | C21: Your internal level of knowledge or expertise is below our recommended maturity criteria of 4 to ensure you can manage this in-house. Without investment in upskilling of relevant teams and individuals, a low maturity level is likely to impact the effective development and delivery of net zero projects within your local authority. Capacity constraints will need to be reviewed in addition to this.
B22: 5, HIGH | C22: Your internal level of knowledge or expertise is below our recommended maturity criteria of 5 to ensure you have industry-level knowledge in-house. Without investment in upskilling of relevant teams and individuals, a lower maturity level is likely to impact the effective development and delivery of net zero projects within your local authority. However, you may choose to outsource this capability with the maturity level to be an intelligent client. Capacity constraints will need to be reviewed in addition to this.
B23: 3, MEDIUM | C23: Your internal level of knowledge or expertise is close to meeting our recommended maturity criteria of 3 to ensure you can be an intelligent client if outsourcing this capability. Without investment in upskilling of relevant teams and individuals, a low maturity level could impact the effective procurement and management of outsourced support, and may ultimately impact the development and delivery of net zero projects within your local authority. Capacity constraints will need to be reviewed in addition to this.
B24: 4, MEDIUM | C24: Your internal level of knowledge or expertise is close to meeting our recommended maturity criteria of 4 to ensure you can manage this in-house. Without investment in upskilling of relevant teams and individuals, a lower maturity level could impact the effective development and delivery of net zero projects within your local authority. However, you may choose to outsource this capability with the maturity level to be an intelligent client. Capacity constraints will need to be reviewed in addition to this.
B25: 5, MEDIUM | C25: Your internal level of knowledge or expertise is close to meeting our recommended maturity criteria of 5 to ensure you have industry-level knowledge in-house. Without investment in upskilling of relevant teams and individuals, a lower maturity level could impact the effective development and delivery of net zero projects within your local authority. However, you may choose to outsource this capability with the maturity level to be an intelligent client. Capacity constraints will need to be reviewed in addition to this.
B26: 3, LOW | C26: Your internal level of knowledge or expertise meets or exceeds the recommended maturity criteria of 3 to ensure you can be an intelligent client if outsourcing this capability. Any risk to the effective development and delivery of net zero projects within your local authority is minimised. However, further upskilling will be required if you aim to manage this in-house. Capacity constraints will need to be reviewed in addition to this.
B27: 4, LOW | C27: Your internal level of knowledge or expertise meets or exceeds the recommended maturity criteria of 4 to ensure you can manage this in-house. Any risk to the effective development and delivery of net zero projects within your local authority is minimised. However, there may still be opportunities to reach industry-level standards and improve knowledge across other teams in your local authority. Capacity constraints will need to be reviewed in addition to this.
B28: 5, LOW | C28: Your internal level of knowledge or expertise meets or exceeds the recommended maturity criteria of 5 to ensure you have industry-level knowledge in-house. Any risk to the effective development and delivery of net zero projects within your local authority is minimised. However, there may still be opportunities to improve knowledge across other teams in your local authority. Capacity constraints will need to be reviewed in addition to this.
B30: Risk level | C30: Recommendations
B31: Low | C31: Consider reviewing the training and upskilling resources accessible within Net Zero Go for other teams and individuals within your local authority. If appropriate, proceed with outsourcing this capability.
... B33: High | C33: Review the training and upskilling resources accessible within Net Zero Go and/or contact the team for additional support and guidance. Outsource capabilities where possible to enhance the knowledge and expertise available to your project and local authority.
